 Dungeon Crawl Stone Soup version 0.29.0-4-gdea44cf6ec (webtiles) character file.

Game seed: 11739952917050163779

1789 qw the Cleaver (level 9, -1/52 HPs)
             Began as a Tengu Warper on Aug 29, 2022.
             Succumbed to Sigmund's poison
             ... on level 5 of the Dungeon.
             The game lasted 00:02:25 (7772 turns).

qw the Cleaver (Tengu Warper)                       Turns: 7772, Time: 00:02:26

Health: -1/52      AC: 19    Str: 16    XL:     9   Next: 8%
Magic:  3/13       EV:  3    Int: 19    God:
Gold:   250        SH:  0    Dex: 11    Spells: 12/12 levels left

rFire   + . .      SeeInvis .   Y - +0 war axe (protect)
rCold   + . .      Faith    .   (no shield)
rNeg    . . .      Spirit   +   l - +1 crystal plate armour of the Telling Gods {rElec Int+6 Dex-3}
rPois   .          Reflect  .   (helmet restricted)
rElec   +          Harm     .   (no cloak)
rCorr   +          Rampage  .   (no gloves)
Will    .....                   (boots unavailable)
Stlth   ..........              a - amulet of guardian spirit
HPRegen 0.17/turn               m - ring "Nickiul" {Fly rF+ rCorr}
MPRegen 0.13/turn               n - ring of protection from cold

@: confused, lethally poisoned (-1 -> -19), flying quickly and evasively, quick
A: beak, talons 3, nimble flight
a: no special abilities


You were on level 5 of the Dungeon.
You visited 1 branch of the dungeon, and saw 7 of its levels.
You also visited: Sewer and Ossuary.

You collected 250 gold pieces.


Innate Abilities, Weirdness & Mutations

You have a beak for a mouth.
You have claws for feet.
Your magical nature lets you fly swiftly and evasively.


   Skills:
 - Level 4.3 Fighting
 + Level 9.0 Axes
 - Level 1.0 Throwing
 - Level 7.8 Armour
 - Level 2.1 Dodging
 - Level 2.0 Spellcasting
 - Level 2.4 Translocations


You had 12 spell levels left.
You didn't know any spells.
Your spell library contained the following spells:

 Spells                   Type           Power      Damage    Failure   Level
 Blink                    Tloc           22%        N/A       100%        2
 Gell's Gravitas          Tloc           11%        N/A       100%        3
 Lesser Beckoning         Tloc           11%        N/A       100%        3
 Teleport Other           Tloc           11%        N/A       100%        3
 Manifold Assault         Tloc           11%        N/A       100%        5

Inventory:

Hand Weapons
 r - a +2 whip of freezing
 Y - a +0 war axe of protection (weapon)
Armour
 l - the +1 crystal plate armour of the Telling Gods (worn) {rElec Int+6 Dex-3}
   (You acquired it in a sewer)

   Int:       It affects your intelligence (+6).
   Dex:       It affects your dexterity (-3).
   rElec:     It insulates you from electricity.
Jewellery
 a - an amulet of guardian spirit (around neck)
 h - a ring of fire
 m - the ring "Nickiul" (left hand) {Fly rF+ rCorr}
   (You found it on level 2 of the Dungeon)

   [ring of flight]

   rF:        It protects you from fire.
   Fly:       It grants you flight.
   rCorr:     It protects you from acid and corrosion.
 n - a ring of protection from cold (right hand)
 o - a ring of protection from cold
Scrolls
 b - a scroll of enchant armour
 f - a scroll of identify
 i - a scroll of fear {unknown}
Potions
 d - 2 potions of heal wounds
 e - a potion of resistance {unknown}
 g - a potion of cancellation {unknown}
 j - 2 potions of might
 k - a potion of haste
 p - a potion of berserk rage {unknown}
 q - a potion of invisibility {unknown}
 s - a potion of brilliance {unknown}

Dungeon Overview and Level Annotations

Branches:
Dungeon (7/15)              Sewer (visited)         Ossuary (visited)
 Temple: D:4-7

Altars:
Dithmenos
Kikubaaqudgha
Yredelemnul
The Shining One

Annotations:
D:5 Sigmund


Message History

You are more poisoned.
You swing at nothing.
You feel very sick.
You swing at nothing.
You feel very sick. Something hits you but does no damage.
You swing at nothing.
You feel very sick.
You hear some strange, mumbled words.
A puff of flame appears from out of thin air!
The puff of flame hits you. You resist.
You swing at nothing.
You feel sick. Something hits you.
You swing at nothing.
You feel sick.
You swing at nothing.
You feel sick. Something hits you but does no damage.
You are lethally poisoned!
7767 ||| DRINKING potion of curing.
You feel better.
7767 ||| (to cure poison)
You hear some strange, mumbled words.
You are confused.
You're too confused to attack without stumbling around!
There is a strange disturbance nearby!
You hear some strange, mumbled words.
Something tries to affect you, but you resist.
You're too confused to attack without stumbling around!
There is a strange disturbance nearby!
Something hits you.
You are poisoned.
You're too confused to attack without stumbling around!
There is a strange disturbance nearby!
You feel sick.
You're too confused to attack without stumbling around!
There is a strange disturbance nearby!
You feel sick. Something hits you!
You are more poisoned.
You're too confused to attack without stumbling around!
There is a lethal amount of poison in your body!
You die...

####..P..##.#
#........##.#
#.###._..##.#
#...###.#
#.P.# #.#
#...###.#
###..##.###
#.........
#@###.####
#.....# #
#..{..#
.........
.##.....###
#. #.....# #
.......
...[.....


There were no monsters in sight!

Vanquished Creatures
  Pikel (D:5)
  A water moccasin (D:6)
  2 orc warriors
  An ogre (D:7)
  2 necrophages
  3 scorpions
  A jelly (D:7)
  3 hounds
  3 orc priests (D:4)
  An iguana (D:4)
  8 orc wizards (D:6)
  A mummy (Ossuary)
  A river rat (Sewer)
  4 adders
  A white imp (D:7)
  3 worms
  4 dart slugs
  7 orcs
  4 spectral bats (Ossuary)
  3 bat simulacra (Ossuary)
  7 endoplasms
  5 giant cockroaches
  12 gnoll zombies (Ossuary)
  7 goblins
  7 hobgoblins
  2 jackals (D:1)
  2 kobolds
  4 quokkas
  10 ball pythons
  6 bats
  11 frilled lizards
  2 goblin simulacra (Ossuary)
  7 goblin zombies (Ossuary)
  6 hobgoblin zombies (Ossuary)
  3 kobold simulacra (Ossuary)
  A kobold zombie (Ossuary)
  4 orc zombies (Ossuary)
  7 rats
  4 rat simulacra (Ossuary)
  3 spectral goblins (Ossuary)
  A spectral kobold (Ossuary)
  A spectral orc (D:3)
  5 spectral rats (Ossuary)
171 creatures vanquished.

Notes
Turn   | Place    | Note
-------+----------+-------------------------------------------
     0 | D:1      | qw the Tengu Warper began the quest for the Orb.
     0 | D:1      | Reached XP level 1. HP: 12/12 MP: 4/4
     0 | D:1      | 0 ||| qw: Version: 0.1-a-89-g26bdef1
     0 | D:1      | 0 ||| qw: Game counter: 3490
     0 | D:1      | 0 ||| qw: Always use a shield: true
     0 | D:1      | 0 ||| qw: God list: Okawaru
     0 | D:1      | 0 ||| qw: Allow faded altars: false
     0 | D:1      | 0 ||| qw: Do Orc after D:15 true
     0 | D:1      | 0 ||| qw: Do second Lair branch before Depths: true
     0 | D:1      | 0 ||| qw: Lair rune preference: random
     0 | D:1      | 0 ||| qw: Plans: Normal
     0 | D:1      | 0 ||| PLANNING D:1-11
    88 | D:1      | 88 ||| Stepping ~*~*~tactically~*~*~ (hiding).
    98 | D:1      | Reached skill level 3 in Axes
    98 | D:1      | Reached XP level 2. HP: 15/17 MP: 6/6
   288 | D:1      | 288 ||| DROPPING +0 club.
   294 | D:1      | Found a faded altar of an unknown god.
   326 | D:1      | 326 ||| Stepping ~*~*~tactically~*~*~ (stealth).
   327 | D:1      | 327 ||| Stepping ~*~*~tactically~*~*~ (stealth).
   329 | D:1      | 329 ||| Stepping ~*~*~tactically~*~*~ (stealth).
   613 | D:1      | Reached XP level 3. HP: 20/21 MP: 7/7
   775 | D:1      | 775 ||| UPGRADING to +0 ring mail.
   785 | D:1      | 785 ||| DROPPING +0 leather armour.
   786 | D:1      | 786 ||| READING scroll labelled BYZORU RYK BATS.
   787 | D:1      | 787 ||| READING 3 scrolls labelled VAKKAE KUCVEOG.
   788 | D:1      | 788 ||| READING scroll labelled GIMENUEBUSH.
   789 | D:1      | 789 ||| DRINKING 2 murky grey potions.
   790 | D:1      | 790 ||| READING 2 scrolls of identify.
   790 | D:1      | 790 ||| IDENTIFYING yellow potion
   791 | D:1      | 791 ||| DROPPING scroll of blinking.
   792 | D:1      | 792 ||| Stepping randomly (stuck).
   793 | D:1      | 793 ||| Stepping ~*~*~tactically~*~*~ (cloud).
   798 | D:1      | HP: 5/21 [poisoned by you (poison gas)]
   801 | D:1      | HP: 2/21 [poisoned by you (poison gas)]
  1097 | D:2      | Found a glowing golden altar of the Shining One.
  1323 | D:2      | Reached skill level 4 in Axes
  1353 | D:2      | 1353 ||| SWAPPING to +0 war axe.
  1354 | D:2      | 1354 ||| DROPPING +0 hand axe.
  1680 | D:2      | 1680 ||| Stepping ~*~*~tactically~*~*~ (hiding).
  1838 | D:2      | Identified the ring "Nickiul" {Fly rF+ rCorr}
  2135 | D:2      | 2135 ||| DROPPING +6 ring of intelligence.
  2136 | D:2      | 2136 ||| UPGRADING to ring "Nickiul" {Fly rF+ rCorr}.
  2137 | D:2      | 2137 ||| READING scroll labelled RIFUEST AKUD.
  2238 | D:2      | 2238 ||| READING scroll labelled GEXYARISOR.
  2361 | D:3      | Reached XP level 4. HP: 26/26 MP: 8/8
  2446 | D:3      | HP: 6/26 [poisoned by an adder]
  2992 | D:3      | 2992 ||| Stepping ~*~*~tactically~*~*~ (stealth).
  3265 | D:3      | Reached skill level 5 in Axes
  3509 | D:3      | Found a basalt altar of Yredelemnul.
  3521 | D:3      | 3521 ||| UPGRADING to amulet of guardian spirit.
  3526 | D:3      | 3526 ||| UPGRADING to ring of protection from cold.
  3527 | D:3      | 3527 ||| READING scroll labelled RAEWNE JOIBION.
  3528 | D:3      | 3528 ||| DRINKING 2 inky potions.
  3529 | D:3      | 3529 ||| DRINKING 2 black potions.
  3630 | D:3      | 3630 ||| READING 3 scrolls of identify.
  3630 | D:3      | 3630 ||| IDENTIFYING purple potion
  3631 | D:3      | 3631 ||| READING 2 scrolls of identify.
  3631 | D:3      | 3631 ||| IDENTIFYING orange potion
  3632 | D:3      | 3632 ||| DROPPING potion of lignification.
  3633 | D:3      | 3633 ||| DROPPING potion of flight.
  3634 | D:3      | 3634 ||| DROPPING potion of ambrosia.
  3711 | D:4      | 3711 ||| PLANNING OSSUARY
  3727 | D:4      | 3727 ||| Stepping ~*~*~tactically~*~*~ (hiding).
  3729 | D:4      | 3729 ||| Stepping ~*~*~tactically~*~*~ (hiding).
  3773 | D:4      | 3773 ||| Stepping ~*~*~tactically~*~*~ (stealth).
  3802 | D:4      | Noticed a necrophage
  3813 | D:4      | Killed a necrophage
  3814 | D:4      | Gained mutation: Your magical nature lets you fly swiftly
                  | and evasively. [Tengu growth]
  3814 | D:4      | Reached XP level 5. HP: 22/30 MP: 6/9
  3899 | D:4      | Found a sand-covered staircase.
  3916 | Ossuary  | Entered an ossuary
  3947 | Ossuary  | Reached skill level 6 in Axes
  4289 | Ossuary  | 4289 ||| Stepping ~*~*~tactically~*~*~ (stealth).
  4293 | Ossuary  | 4293 ||| Stepping ~*~*~tactically~*~*~ (stealth).
  4381 | Ossuary  | 4381 ||| Stepping ~*~*~tactically~*~*~ (stealth).
  4399 | Ossuary  | 4399 ||| Stepping ~*~*~tactically~*~*~ (stealth).
  4408 | Ossuary  | 4408 ||| Stepping ~*~*~tactically~*~*~ (stealth).
  4499 | Ossuary  | 4499 ||| READING scroll labelled RAJUGO KANUS.
  4500 | Ossuary  | 4500 ||| DRINKING 2 lumpy cyan potions.
  4525 | D:4      | 4525 ||| PLANNING D:1-11
  4583 | D:4      | Identified the +0 ring mail of Nuvvapp {Will+ Dex+3}
  4735 | D:4      | Reached skill level 7 in Axes
  4735 | D:4      | Reached XP level 6. HP: 10/35 MP: 8/10
  4737 | D:4      | HP: 8/35 [poisoned by a scorpion]
  5022 | D:4      | 5022 ||| Stepping ~*~*~tactically~*~*~ (stealth).
  5280 | D:4      | Reached skill level 3 in Fighting
  5484 | D:4      | 5484 ||| Stepping ~*~*~tactically~*~*~ (stealth).
  5494 | D:4      | HP: 1/37 [orc priest/divine providence (9)]
  5495 | D:4      | 5495 ||| READING scroll of teleportation.
  5496 | D:4      | 5496 ||| DRINKING 4 potions of heal wounds.
  5499 | D:4      | Reached XP level 7. HP: 22/41 MP: 1/11
  5507 | D:4      | 5507 ||| Stepping ~*~*~tactically~*~*~ (stealth).
  5509 | D:4      | 5509 ||| Stepping ~*~*~tactically~*~*~ (stealth).
  5641 | D:4      | 5641 ||| Stepping ~*~*~tactically~*~*~ (hiding).
  5722 | D:4      | 5722 ||| Stepping ~*~*~tactically~*~*~ (stealth).
  5810 | D:4      | 5810 ||| Stepping ~*~*~tactically~*~*~ (hiding).
  5937 | D:4      | Found an ancient bone altar of Kikubaaqudgha.
  6069 | D:4      | 6069 ||| UPGRADING to +0 scale mail.
  6079 | D:4      | 6079 ||| DROPPING +0 ring mail.
  6080 | D:4      | 6080 ||| UPGRADING to +0 ring mail of Nuvvapp {Will+
                  | Dex+3}.
  6090 | D:4      | 6090 ||| DROPPING +0 scale mail.
  6091 | D:4      | 6091 ||| UPGRADING to +0 chain mail.
  6101 | D:4      | 6101 ||| DROPPING +0 ring mail of Nuvvapp {Will+ Dex+3}.
  6102 | D:4      | 6102 ||| READING scroll labelled ATYC FIUNE.
  6103 | D:4      | 6103 ||| READING scroll labelled IMOZUI LAEGAJI.
  6126 | D:5      | Entered Level 5 of the Dungeon
  6127 | D:5      | 6127 ||| PLANNING SEWER
  6310 | D:5      | Found a glowing drain.
  6335 | Sewer    | Entered a sewer
  6464 | Sewer    | Reached skill level 8 in Axes
  6643 | Sewer    | 6643 ||| READING scroll labelled KUMELI QATSAOFF.
  6643 | Sewer    | Identified a scroll of acquirement
  6643 | Sewer    | 6643 ||| ACQUIRING +1 crystal plate armour of the Telling
                  | Gods {rElec Int+6 Dex-3}
  6643 | Sewer    | Acquired the +1 crystal plate armour of the Telling Gods
                  | {rElec Int+6 Dex-3}
  6645 | Sewer    | 6645 ||| UPGRADING to +1 crystal plate armour of the
                  | Telling Gods {rElec Int+6 Dex-3}.
  6655 | Sewer    | 6655 ||| DROPPING +0 chain mail.
  6656 | Sewer    | 6656 ||| DRINKING 2 viscous dark potions.
  6657 | Sewer    | 6657 ||| DROPPING potion of degeneration.
  6703 | D:5      | 6703 ||| PLANNING D:1-11
  6726 | D:5      | 6726 ||| Stepping ~*~*~tactically~*~*~ (stealth).
  6801 | D:5      | Reached skill level 3 in Armour
  6879 | D:5      | You are sucked into a shaft and drop 2 floors!
  7083 | D:7      | 7083 ||| READING scroll of brand weapon.
  7083 | D:7      | 7083 ||| BRANDING +0 war axe of draining.
  7100 | D:7      | Reached XP level 8. HP: 34/46 MP: 8/12
  7180 | D:7      | 7180 ||| DROPPING orb of guile.
  7218 | D:6      | 7218 ||| Stepping ~*~*~tactically~*~*~ (hiding).
  7220 | D:6      | 7220 ||| DRINKING 5 potions of curing.
  7220 | D:6      | 7220 ||| (to cure confusion)
  7226 | D:6      | 7226 ||| DRINKING 4 potions of curing.
  7226 | D:6      | 7226 ||| (to cure confusion)
  7233 | D:6      | 7233 ||| DRINKING 3 potions of curing.
  7233 | D:6      | 7233 ||| (to cure confusion)
  7257 | D:6      | 7257 ||| Stepping ~*~*~tactically~*~*~ (hiding).
  7340 | D:6      | HP: 9/46 [orc warrior/+0 scimitar (4)]
  7341 | D:6      | 7341 ||| READING scroll of teleportation.
  7342 | D:6      | 7342 ||| DRINKING 3 potions of heal wounds.
  7466 | D:6      | 7466 ||| DRINKING 2 potions of curing.
  7466 | D:6      | 7466 ||| (to cure confusion)
  7469 | D:6      | Reached skill level 9 in Axes
  7538 | D:5      | Noticed Pikel
  7561 | D:5      | Killed Pikel
  7562 | D:5      | Reached XP level 9. HP: 24/52 MP: 4/13
  7727 | D:5      | Found a shadowy altar of Dithmenos.
  7729 | D:5      | 7729 ||| DROPPING +0 mace.
  7744 | D:5      | Noticed Sigmund
  7763 | D:5      | HP: 13/52 [poisoned by Sigmund]
  7766 | D:5      | HP: 6/52 [poisoned by Sigmund]
  7767 | D:5      | 7767 ||| DRINKING potion of curing.
  7767 | D:5      | 7767 ||| (to cure poison)
  7771 | D:5      | HP: 7/52 [poisoned by Sigmund]
  7771 | D:5      | HP: 3/52 [something (4)]
  7772 | D:5      | Succumbed to Sigmund's poison

Levels and vault maps discovered:
D:1:      ebering_trefoil_twist, layout_rooms, ebering_ecumenical_altar_webs,
          amcnicky_mini_rare_corridor_liquid
D:2:      minmay_evil_eye, layout_loops_ring, basic_altar, minmay_misc_feat_iff
D:3:      minmay_spotlight, layout_loops_corners,
          yredelemnul_forgotten_temple_becter
D:4:      layout_gridville, lemuel_coloured_pillars_altar, enter_ossuary_1,
          nicolae_concentric_dashed_squares_wild, serial_bayou_pond_e,
          minmay_pentomino_pile
D:5:      layout_loops_ring, mainiacjoe_overflow_tiny_flanked,
          minmay_temple_entry_mist, portal_sewer_entry_f, uniq_pikel,
          uniq_sigmund
D:6:      minmay_flawed_box, layout_basic, reono_crystal_passage, uniq_menkaure
D:7:      layout_loops_ring

Skill      XL: |  1  2  3  4  5  6  7  8 |
---------------+-------------------------+-----
Axes           | 3 4 5 7 8 9 |  9.0
Fighting       | 3 4 |  4.3
Armour         | 5 7 |  7.8
Throwing       | |  1.0
Dodging        | |  2.1
Spellcasting   | |  2.0
Translocations | |  2.4

Action                   |  1- 3 |  4- 6 |  7- 9 || total
-------------------------+-------+-------+-------++-------
Melee: Hand axe          |    58 |       |       ||    58
       Kick              |    21 |    62 |    34 ||   117
       Peck              |    17 |    28 |    28 ||    73
       War axe           |    29 |   209 |   174 ||   412
       Punch             |       |       |     1 ||     1
Throw: Boomerang         |     7 |       |       ||     7
  Use: Scroll            |     6 |     5 |     5 ||    16
       Potion            |     1 |     4 |     7 ||    12
Armor: Leather armour    |    14 |       |       ||    14
       Ring mail         |     9 |    62 |     4 ||    75
       Crystal plate arm |       |       |   161 ||   161
       Chain mail        |       |       |     8 ||     8
Dodge: Dodged            |    48 |   106 |    18 ||   172

Table legend:
 A = Non-vault XP
 B = Vault XP
 C = Vault XP percentage of total XP
 D = Non-vault monster count
 E = Vault monster count
 F = Vault count percentage of total count
                 A         B        C        D         E       F
            +---------+---------+-------+---------+---------+-------
      Total |    1289 |    1267 |  49.6 |      80 |      91 |  53.2
            +---------+---------+-------+---------+---------+-------
        D:1 |      37 |       0 |   0.0 |      20 |       0 |   0.0
        D:2 |      39 |       5 |  11.4 |      15 |       2 |  11.8
        D:3 |      33 |       6 |  15.4 |      12 |       5 |  29.4
        D:4 |     323 |     179 |  35.7 |      18 |       4 |  18.2
        D:5 |     250 |     657 |  72.4 |       5 |       4 |  44.4
        D:6 |     293 |     282 |  49.0 |       3 |       8 |  72.7
        D:7 |     314 |       0 |   0.0 |       7 |       0 |   0.0
      Sewer |       0 |      50 | 100.0 |       0 |      12 | 100.0
    Ossuary |       0 |      88 | 100.0 |       0 |      56 | 100.0
            +---------+---------+-------+---------+---------+-------
